| TOP OF THE 1ST |
|
South Bend Cubs batting - Pitching for Lakewood BlueClaws : RHP Joe Morse
|
|
Pitching: RHP Joe Morse
|
|
|
Batting: RHB Dan Orozco
|
0-0: Called Strike 0-1: Called Strike 0-2: Strikes out swinging
|
|
Batting: RHB Adrian Cox
|
0-0: Ball 1-0: SINGLE (Groundball, 6S, EV 73.1 MPH) (infield hit)
|
|
Batting: RHB Erik Smith
|
0-0: Called Strike Adrian Cox steals 2nd base 0-1: Ball 1-1: Ball 2-1: Called Strike 2-2: Strikes out swinging
|
|
Batting: RHB Mike Stein
|
0-0: Called Strike 0-1: Ball 1-1: Ball 2-1: Foul Ball, location: 2F 2-2: Strikes out swinging
|
| Top of the 1st over - 0 runs, 1 hit, 0 errors, 1 left on base; South Bend 0 - Lakewood 0 |
| BOTTOM OF THE 1ST |
|
Lakewood BlueClaws batting - Pitching for South Bend Cubs : RHP Scott Hanson
|
|
Pitching: RHP Scott Hanson
|
|
|
Batting: LHB Jonathan Roman
|
0-0: Ball 1-0: Called Strike 1-1: Ball 2-1: Ball 3-1: Swinging Strike 3-2: SINGLE (Line Drive, 8LS, EV 106.9 MPH)
|
|
Batting: LHB Matt Urbanek
|
0-0: Ball 1-0: Ball Jonathan Roman steals 2nd base 2-0: Called Strike 2-1: Swinging Strike 2-2: Ground out U3 (Groundball, 3, EV 88.1 MPH) Jonathan Roman to third
|
|
Batting: RHB Alan Weller
|
0-0: SINGLE (Flyball, 9, EV 89.4 MPH) Jonathan Roman scores
|
|
Batting: SHB Brett St. Clair
|
0-0: Ball 1-0: Grounds into double play, 4-6-3 (Groundball, 4, EV 80.6 MPH)
|
| Bottom of the 1st over - 1 run, 2 hits, 0 errors, 0 left on base; South Bend 0 - Lakewood 1 |
| TOP OF THE 2ND |
|
South Bend Cubs batting - Pitching for Lakewood BlueClaws : RHP Joe Morse
|
|
Batting: RHB Mike Hill
|
0-0: Foul Ball, location: 2F 0-1: Called Strike 0-2: Hit by Pitch
|
|
Batting: RHB Josh Burns
|
0-0: Foul Ball, location: 2F 0-1: Ball 1-1: Ball 2-1: Ball 3-1: Foul Ball, location: 2F 3-2: Foul Ball, location: 2F 3-2: Foul Ball, location: 2F 3-2: Strikes out swinging
|
|
Batting: RHB David Bousfield
|
0-0: Foul Ball, location: 2F 0-1: Foul Ball, location: 2F 0-2: Ball 1-2: Ball 2-2: Foul Ball, location: 2F 2-2: Strikes out swinging
|
|
Batting: RHB Ryan Bush
|
0-0: Ground out 4-3 (Groundball, 4, EV 85.0 MPH)
|
| Top of the 2nd over - 0 runs, 0 hits, 0 errors, 1 left on base; South Bend 0 - Lakewood 1 |
| BOTTOM OF THE 2ND |
|
Lakewood BlueClaws batting - Pitching for South Bend Cubs : RHP Scott Hanson
|
|
Batting: RHB Mike Maserang
|
0-0: Called Strike 0-1: Ball 1-1: Called Strike 1-2: Ball 2-2: Ball 3-2: Base on Balls
|
|
Pitching: RHP Melvin Orengo
|
|
|
Batting: SHB Steve DeRienzo
|
0-0: Ball 1-0: Foul Ball, location: 2F 1-1: Called Strike 1-2: Strikes out swinging
|
|
Batting: LHB Eric Farren
|
0-0: SINGLE (Groundball, 34D, EV 104.4 MPH) Mike Maserang to second Runner from 2nd tries for 3rd, SAFE, throw by RF made to third
|
|
Batting: LHB Josh George
|
0-0: Called Strike 0-1: Ball 1-1: 3-RUN HOME RUN (Flyball, 9LD, EV 92.5 MPH), Distance : 347 ft
|
|
Batting: RHB Trent Hedrick
|
0-0: Ball 1-0: Swinging Strike 1-1: SINGLE (Groundball, 4MD, EV 96.9 MPH)
|
|
Batting: LHB Jonathan Roman
|
0-0: Ball 1-0: Called Strike 1-1: Ball Pickoff Throw by Catcher to First - Out! 2-1: Ball 3-1: Called Strike 3-2: Foul Ball, location: 2F 3-2: Base on Balls
|
|
Pitching: RHP Angel Pesina
|
|
|
Batting: LHB Matt Urbanek
|
0-0: Ball Jonathan Roman steals 2nd base 1-0: SINGLE (Groundball, 5D, EV 96.2 MPH) Jonathan Roman to third Runner from 3rd tries for Home, SAFE, throw by LF to home
|
|
Batting: RHB Alan Weller
|
0-0: Ball 1-0: Ball 2-0: Ball 3-0: Called Strike 3-1: Base on Balls Matt Urbanek to second
|
|
Batting: SHB Brett St. Clair
|
0-0: SINGLE (Groundball, 56S, EV 66.2 MPH) (infield hit) Matt Urbanek to third Alan Weller to second
|
|
Batting: RHB Mike Maserang
|
0-0: SINGLE (Groundball, 6MD, EV 105.6 MPH) Matt Urbanek scores Alan Weller to third Brett St. Clair to second Throwing error, E8 Alan Weller scores Brett St. Clair to third Mike Maserang to second
|
|
Batting: SHB Steve DeRienzo
|
0-0: Ball 1-0: Ball 2-0: Called Strike 2-1: Ball 3-1: Ground out 4-3 (Groundball, 4, EV 81.9 MPH)
|
| Bottom of the 2nd over - 6 runs, 6 hits, 1 error, 2 left on base; South Bend 0 - Lakewood 7 |
| TOP OF THE 3RD |
|
South Bend Cubs batting - Pitching for Lakewood BlueClaws : RHP Joe Morse
|
|
Batting: RHB Victor Ramirez
|
0-0: Ball 1-0: Ball 2-0: Ball 3-0: Base on Balls
|
|
Batting: RHB Dan Orozco
|
0-0: Ball 1-0: Foul Ball, location: 2F 1-1: Foul Ball, location: 2F 1-2: Foul Ball, location: 2F 1-2: Ball 2-2: Foul Ball, location: 2F 2-2: Strikes out looking
|
|
Batting: RHB Adrian Cox
|
0-0: DOUBLE (Line Drive, 9LM, EV 109.4 MPH) Victor Ramirez to third
|
|
Batting: RHB Erik Smith
|
0-0: Ball 1-0: Foul Ball, location: 2F 1-1: Called Strike 1-2: Ball 2-2: Strikes out swinging
|
|
Batting: RHB Mike Stein
|
0-0: Ball 1-0: SINGLE (Groundball, 34D, EV 105.6 MPH) Victor Ramirez scores Adrian Cox to third Runner from 3rd tries for Home, SAFE, throw by RF to home
|
|
Batting: RHB Mike Hill
|
0-0: Fly out, F8 (Flyball, 8RM, EV 88.1 MPH)
|
| Top of the 3rd over - 2 runs, 2 hits, 0 errors, 1 left on base; South Bend 2 - Lakewood 7 |
| BOTTOM OF THE 3RD |
|
Lakewood BlueClaws batting - Pitching for South Bend Cubs : RHP Angel Pesina
|
|
Batting: LHB Eric Farren
|
0-0: Ball 1-0: Ball 2-0: Called Strike 2-1: Ball 3-1: Foul Ball, location: 2F 3-2: SINGLE (Groundball, 6MD, EV 110.0 MPH)
|
|
Pitching: LHP Dusty Blubaugh
|
|
|
Batting: LHB Josh George
|
0-0: Ball 1-0: Ball 2-0: SINGLE (Groundball, 56S, EV 97.5 MPH) Eric Farren to second
|
|
Batting: RHB Trent Hedrick
|
0-0: Ball 1-0: Ball 2-0: Called Strike 2-1: Fly out, F5 (Line Drive, 56, EV 68.8 MPH)
|
|
Batting: LHB Jonathan Roman
|
0-0: Swinging Strike 0-1: Ball 1-1: Foul Ball, location: 2F 1-2: Strikes out swinging
|
|
Batting: LHB Matt Urbanek
|
0-0: Called Strike 0-1: Ball 1-1: Foul Ball, location: 2F 1-2: Strikes out swinging
|
| Bottom of the 3rd over - 0 runs, 2 hits, 0 errors, 2 left on base; South Bend 2 - Lakewood 7 |
| TOP OF THE 4TH |
|
South Bend Cubs batting - Pitching for Lakewood BlueClaws : RHP Joe Morse
|
|
Batting: RHB Josh Burns
|
0-0: Ball 1-0: Swinging Strike 1-1: Ball 2-1: SINGLE (Groundball, 56D, EV 105.6 MPH)
|
|
Batting: RHB David Bousfield
|
0-0: Ball 1-0: Ball 2-0: Fly out, F9 (Line Drive, 9S, EV 94.4 MPH)
|
|
Batting: RHB Ryan Bush
|
0-0: Ball 1-0: Grounds into double play, 5-4-3 (Groundball, 56, EV 82.5 MPH)
|
| Top of the 4th over - 0 runs, 1 hit, 0 errors, 0 left on base; South Bend 2 - Lakewood 7 |
| BOTTOM OF THE 4TH |
|
Lakewood BlueClaws batting - Pitching for South Bend Cubs : LHP Dusty Blubaugh
|
|
Batting: RHB Alan Weller
|
0-0: Ball 1-0: SINGLE (Line Drive, 78S, EV 85.6 MPH)
|
|
Batting: SHB Brett St. Clair
|
0-0: SINGLE (Groundball, 34D, EV 96.2 MPH) Alan Weller to second Runner from 2nd tries for 3rd, SAFE, throw by RF made at trailing runner, OUT! 9-6
|
|
Pitching: LHP Mike Anderson
|
|
|
Batting: RHB Mike Maserang
|
0-0: Ball Wild Pitch! Alan Weller scores 1-0: Foul Ball, location: 2F 1-1: Ball 2-1: Foul Ball, location: 2F 2-2: Strikes out swinging
|
|
Batting: SHB Steve DeRienzo
|
0-0: Fly out, F7 (Flyball, 7, EV 80.6 MPH)
|
| Bottom of the 4th over - 1 run, 2 hits, 0 errors, 0 left on base; South Bend 2 - Lakewood 8 |
| TOP OF THE 5TH |
|
South Bend Cubs batting - Pitching for Lakewood BlueClaws : RHP Joe Morse
|
|
Batting: RHB Victor Ramirez
|
0-0: Called Strike 0-1: Swinging Strike 0-2: Ball 1-2: Ball 2-2: Foul Ball, location: 2F 2-2: Foul Ball, location: 2F 2-2: Ball 3-2: Foul Ball, location: 2F 3-2: Strikes out swinging
|
|
Batting: RHB Dan Orozco
|
0-0: Foul Ball, location: 2F 0-1: Ball 1-1: Ball 2-1: SINGLE (Flyball, 89S, EV 85.6 MPH)
|
|
Batting: RHB Adrian Cox
|
0-0: Ball 1-0: Ball Dan Orozco steals 2nd base 2-0: Foul Ball, location: 2F 2-1: Called Strike 2-2: TRIPLE (Flyball, 78XD, EV 93.1 MPH) Dan Orozco scores
|
|
Batting: RHB Erik Smith
|
0-0: Called Strike 0-1: Ball 1-1: Foul Ball, location: 2F 1-2: Ground out 6-3 (Groundball, 6, EV 91.2 MPH) Adrian Cox scores
|
|
Batting: RHB Mike Stein
|
0-0: Foul Ball, location: 2F 0-1: Called Strike 0-2: Strikes out swinging
|
| Top of the 5th over - 2 runs, 2 hits, 0 errors, 0 left on base; South Bend 4 - Lakewood 8 |
| BOTTOM OF THE 5TH |
|
Lakewood BlueClaws batting - Pitching for South Bend Cubs : LHP Mike Anderson
|
|
Batting: LHB Eric Farren
|
0-0: Called Strike 0-1: Swinging Strike 0-2: Fly out, F7 (Line Drive, 7LM, EV 111.2 MPH)
|
|
Batting: LHB Josh George
|
0-0: Called Strike 0-1: Ball 1-1: Foul Ball, location: 2F 1-2: Foul Ball, location: 2F 1-2: Ball 2-2: Ball 3-2: Base on Balls
|
|
Batting: RHB Trent Hedrick
|
0-0: Called Strike 0-1: SINGLE (Groundball, 56D, EV 94.4 MPH) Josh George to second
|
|
Pitching: RHP Steve Vint
|
|
|
Batting: LHB Jonathan Roman
|
0-0: Called Strike 0-1: Ball 1-1: Ball 2-1: Foul Ball, location: 2F 2-2: Ball 3-2: Fly out, F7 (Flyball, 7, EV 81.2 MPH)
|
|
Batting: LHB Matt Urbanek
|
0-0: Ball 1-0: Called Strike 1-1: SINGLE (Line Drive, 6M, EV 98.8 MPH) Josh George to third Trent Hedrick to second Runner from 3rd tries for Home, throw by CF and OUT! 8-2
|
| Bottom of the 5th over - 0 runs, 2 hits, 0 errors, 2 left on base; South Bend 4 - Lakewood 8 |
| TOP OF THE 6TH |
|
South Bend Cubs batting - Pitching for Lakewood BlueClaws : RHP Joe Morse
|
|
Pitching: RHP John Hughes
|
|
|
Batting: RHB Mike Hill
|
0-0: Called Strike 0-1: Ball 1-1: Called Strike 1-2: Ball 2-2: Ball 3-2: Fly out, F8 (Flyball, 8RD, EV 100.0 MPH)
|
|
Batting: RHB Josh Burns
|
0-0: Called Strike 0-1: Foul Ball, location: 2F 0-2: Ball 1-2: Strikes out swinging
|
|
Batting: RHB David Bousfield
|
0-0: Called Strike 0-1: Foul Ball, location: 2F 0-2: Strikes out swinging
|
| Top of the 6th over - 0 runs, 0 hits, 0 errors, 0 left on base; South Bend 4 - Lakewood 8 |
| BOTTOM OF THE 6TH |
|
Lakewood BlueClaws batting - Pitching for South Bend Cubs : RHP Steve Vint
|
|
Batting: RHB Alan Weller
|
0-0: Ball 1-0: SINGLE (Groundball, 56D, EV 105.6 MPH)
|
|
Batting: SHB Brett St. Clair
|
0-0: Called Strike 0-1: Foul Ball, location: 2F 0-2: SINGLE (Groundball, 34D, EV 108.1 MPH) Alan Weller to second Runner from 2nd tries for 3rd, SAFE, throw by RF made to third
|
|
Batting: RHB Mike Maserang
|
0-0: Ball 1-0: Ball 2-0: Foul Ball, location: 2F 2-1: Foul Ball, location: 2F 2-2: Ball 3-2: Base on Balls Brett St. Clair to second
|
|
Pitching: RHP Andrew Dopp
|
|
|
Batting: SHB Steve DeRienzo
|
0-0: Called Strike 0-1: Ball 1-1: Swinging Strike 1-2: Ball 2-2: Foul Ball, location: 2F 2-2: Foul Ball, location: 2F 2-2: Strikes out swinging
|
|
Batting: LHB Eric Farren
|
0-0: Foul Ball, location: 2F 0-1: Called Strike 0-2: Strikes out looking
|
|
Batting: LHB Josh George
|
0-0: Called Strike 0-1: Ball 1-1: Ball 2-1: Ball 3-1: Base on Balls Alan Weller scores Brett St. Clair to third Mike Maserang to second
|
|
Batting: RHB Trent Hedrick
|
0-0: SINGLE (Line Drive, 7S, EV 90.6 MPH) Brett St. Clair scores Mike Maserang to third Josh George to second
|
|
Batting: LHB Jonathan Roman
|
0-0: Ball 1-0: DOUBLE (Flyball, 89XD, EV 96.9 MPH) Mike Maserang scores Josh George scores Trent Hedrick to third Runner from 3rd tries for Home, SAFE, throw by RF to trailing runner, OUT at third! 9-3-5
|
| Bottom of the 6th over - 5 runs, 4 hits, 0 errors, 0 left on base; South Bend 4 - Lakewood 13 |
| TOP OF THE 7TH |
|
South Bend Cubs batting - Pitching for Lakewood BlueClaws : RHP John Hughes
|
|
Batting: RHB Ryan Bush
|
0-0: Ball 1-0: Swinging Strike 1-1: Ball 2-1: Ball 3-1: Base on Balls
|
|
Batting: RHB Victor Ramirez
|
0-0: Ball 1-0: Ball 2-0: Foul Ball, location: 2F 2-1: Ball 3-1: Foul Ball, location: 2F 3-2: Strikes out swinging
|
|
Batting: RHB Dan Orozco
|
0-0: Swinging Strike 0-1: Ball 1-1: Ball 2-1: Called Strike 2-2: Ball 3-2: Strikes out swinging
|
|
Batting: RHB Adrian Cox
|
0-0: Ball Ryan Bush steals 2nd base (no throw) 1-0: Ball 2-0: Ground out U3 (Groundball, 3, EV 83.8 MPH)
|
| Top of the 7th over - 0 runs, 0 hits, 0 errors, 1 left on base; South Bend 4 - Lakewood 13 |
| BOTTOM OF THE 7TH |
|
Lakewood BlueClaws batting - Pitching for South Bend Cubs : RHP Andrew Dopp
|
|
Batting: LHB Matt Urbanek
|
0-0: Ball 1-0: Ball 2-0: Ground out 5-3 (Groundball, 5L, EV 91.9 MPH)
|
|
Pinch Hitting: LHB Joel Moore
|
0-0: Called Strike 0-1: Fly out, F7 (Line Drive, 7, EV 95.0 MPH)
|
|
Batting: SHB Brett St. Clair
|
0-0: Swinging Strike 0-1: Foul Ball, location: 2F 0-2: Ball 1-2: Strikes out swinging
|
| Bottom of the 7th over - 0 runs, 0 hits, 0 errors, 0 left on base; South Bend 4 - Lakewood 13 |
| TOP OF THE 8TH |
|
South Bend Cubs batting - Pitching for Lakewood BlueClaws : RHP John Hughes
|
|
Now at 1B: Joel Moore
|
|
|
Batting: RHB Erik Smith
|
0-0: SINGLE (Flyball, 34D, EV 86.2 MPH)
|
|
Batting: RHB Mike Stein
|
0-0: Called Strike 0-1: Called Strike 0-2: Ball 1-2: Strikes out looking
|
|
Pitching: RHP Gregorio Padilla
|
|
|
Batting: RHB Mike Hill
|
0-0: Ball 1-0: Swinging Strike 1-1: Ball 2-1: Called Strike 2-2: Foul Ball, location: 2F 2-2: Foul Ball, location: 2F 2-2: Strikes out looking
|
|
Batting: RHB Josh Burns
|
0-0: Fly out, F7 (Flyball, 7, EV 91.9 MPH)
|
| Top of the 8th over - 0 runs, 1 hit, 0 errors, 1 left on base; South Bend 4 - Lakewood 13 |
| BOTTOM OF THE 8TH |
|
Lakewood BlueClaws batting - Pitching for South Bend Cubs : RHP Andrew Dopp
|
|
Batting: RHB Mike Maserang
|
0-0: Foul Ball, location: 2F 0-1: Swinging Strike 0-2: Foul Ball, location: 2F 0-2: Ball 1-2: Ball 2-2: Foul Ball, location: 2F 2-2: Foul Ball, location: 2F 2-2: Ground out 6-3 (Groundball, 6, EV 103.8 MPH)
|
|
Batting: SHB Steve DeRienzo
|
0-0: Ball 1-0: SINGLE (Line Drive, 78S, EV 96.9 MPH)
|
|
Batting: LHB Eric Farren
|
0-0: Called Strike 0-1: Called Strike 0-2: SINGLE (Line Drive, 89S, EV 110.6 MPH) Steve DeRienzo to second
|
|
Batting: LHB Josh George
|
0-0: Ball 1-0: Foul Ball, location: 2F 1-1: Ball 2-1: Foul Ball, location: 2F 2-2: Ball 3-2: TRIPLE (Line Drive, 9LD, EV 108.8 MPH) Steve DeRienzo scores Eric Farren scores
|
|
Pitching: LHP Gilberto Alvarado
|
|
|
Batting: RHB Trent Hedrick
|
0-0: Ball 1-0: Called Strike 1-1: Called Strike 1-2: Foul Ball, location: 2F 1-2: Foul Ball, location: 2F 1-2: SINGLE (Line Drive, 34D, EV 100.0 MPH) Josh George scores
|
|
Batting: LHB Jonathan Roman
|
0-0: Ball 1-0: Fielders Choice at 2nd, 4-6 (Groundball, 4, EV 93.8 MPH)
|
|
Batting: LHB Matt Urbanek
|
0-0: Ball 1-0: SINGLE (Groundball, 34D, EV 95.0 MPH) Jonathan Roman to second Runner from 2nd tries for 3rd, SAFE, throw by RF made to third
|
|
Batting: LHB Joel Moore
|
0-0: Called Strike 0-1: Ball 1-1: Swinging Strike 1-2: Foul Ball, location: 2F 1-2: Ball 2-2: Strikes out looking
|
| Bottom of the 8th over - 3 runs, 5 hits, 0 errors, 2 left on base; South Bend 4 - Lakewood 16 |
| TOP OF THE 9TH |
|
South Bend Cubs batting - Pitching for Lakewood BlueClaws : RHP Gregorio Padilla
|
|
Batting: RHB David Bousfield
|
0-0: Ball 1-0: Called Strike 1-1: Swinging Strike 1-2: Ball 2-2: Ball 3-2: Base on Balls
|
|
Batting: RHB Ryan Bush
|
0-0: Called Strike 0-1: Foul Ball, location: 2F 0-2: Strikes out swinging
|
|
Batting: RHB Victor Ramirez
|
0-0: Called Strike 0-1: Ball 1-1: Ball 2-1: Foul Ball, location: 2F 2-2: Strikes out swinging
|
|
Batting: RHB Dan Orozco
|
0-0: Called Strike 0-1: Ball 1-1: Called Strike 1-2: Strikes out swinging
|
| Top of the 9th over - 0 runs, 0 hits, 0 errors, 1 left on base; South Bend 4 - Lakewood 16 |
|